 Dungeon Crawl Stone Soup version 0.21.1-1-g345015f (webtiles) character file.

331 Fang the Chopper (level 6, -3/39 HPs)
             Began as a Gargoyle Berserker on June 6, 2018.
             Was a Believer of Trog.
             Slain by an ogre
             ... wielding a cursed +0 giant club
              (11 damage)
             ... on level 4 of the Dungeon.
             The game lasted 00:04:29 (2841 turns).

Fang the Chopper (Gargoyle Berserker)               Turns: 2841, Time: 00:04:30

Health: -3/39      AC:  9    Str: 23    XL:     6   Next: 51%
Magic:  6/6        EV: 12    Int:  7    God:    Trog [**....]
Gold:   260        SH:  0    Dex:  9    Spells: 5/5 levels left

rFire    . . .     SeeInvis .   a - +0 hand axe
rCold    . . .     Gourm    .   (no shield)
rNeg     + . .     Faith    .   n - +2 leather armour {rPois}
rPois    ∞         Spirit   .   (no helmet)
rElec    +         Reflect  .   u - scarf {cloud immunity}
rCorr    .         Harm     .   (no gloves)
MR       .....                  (no boots)
Stlth    ++........             (no amulet)
HPRegen  0.13/turn              d - ring of stealth
MPRegen  0.10/turn              (no ring)

@: berserk cooldown
A: negative energy resistance 1, electricity resistance, unbreathing,
petrification resistance, rot immunity, AC +4
a: Berserk, Trog's Hand, Burn Spellbooks, Renounce Religion


You were on level 4 of the Dungeon.
You worshipped Trog.
Trog was pleased with you.
You were near starving.

You visited 1 branch of the dungeon, and saw 4 of its levels.

You collected 260 gold pieces.

Inventory:

Hand Weapons
 a - a +0 hand axe (weapon)
Armour
 n - a +2 leather armour of poison resistance (worn)
 u - a scarf of cloud immunity (worn)
Jewellery
 d - a ring of stealth (left hand)
 q - an uncursed amulet of regeneration {unknown}
Wands
 t - a wand of enslavement (13)
Scrolls
 f - 2 scrolls of noise {unknown}
 h - 5 scrolls of remove curse {unknown}
 j - 5 scrolls of teleportation {unknown}
 l - 2 scrolls of immolation {unknown}
Potions
 e - a potion of invisibility {unknown}
 g - a potion of ambrosia {unknown}
 i - a potion of mutation {unknown}
 k - 2 potions of lignification {unknown}
 m - a potion of curing {unknown}
 o - 2 potions of agility {unknown}
 p - a potion of heal wounds {unknown}
 r - a potion of degeneration {unknown}
 s - a potion of brilliance {unknown}
Comestibles
 c - 5 rations


   Skills:
 + Level 4.7 Fighting
 + Level 4.9 Axes
 + Level 2.4 Armour
 + Level 2.5 Dodging
 + Level 1.9 Stealth


You had 5 spell levels left.
You didn't know any spells.

Dungeon Overview and Level Annotations

Branches:
Dungeon (4/15)
 Temple: D:4-7

Altars:
Okawaru
The Shining One


Innate Abilities, Weirdness & Mutations

You are resistant to torment.
Your stone body is resilient. (AC +4)
You are immune to poison.
You resist negative energy. (rN+)
You are resistant to electric shocks. (rElec)
You can survive without breathing.
You are immune to petrification.
You are immune to rotting.


Message History

The ogre hits you with a giant club.
* * * LOW HITPOINT WARNING * * *
The giant cockroach barely misses you.
Eat one of 2 chunks of flesh? (ye/n/q)
Okay, then.
You barely miss the ogre. You hit the giant cockroach.
You closely miss the crimson imp. The crimson imp completely misses you.
The giant cockroach completely misses you.
The ogre barely misses you.
The crimson imp hits you but does no damage.
Unknown command.
You barely miss the ogre. You hit the giant cockroach.
You kill the giant cockroach!
Trog accepts your kill.
You hit the crimson imp. The crimson imp hits you.
* * * LOW HITPOINT WARNING * * *
Unknown command.
You hit the ogre but do no damage. You hit the crimson imp.
The ogre hits you with a giant club!
You die...

,**
*,...,,,,,,........#...#*
,,*
**...#*******#.......#**
,,* *#...#* *#.....#* ,**
*#...#* #....## ** ***
*#...#* #.†.### *
*,*####...## ###.†...##
*,,........###........#*
*,,........5#..........#*
**,......#%O@...........**
**.....,##.†...........,*
*#...,,#..#...........,**
##.,,#..##...........,,*
#*,≈≈.#*............,,***
*≈≈≈♣≈*#.....!.....,,,,,,
*.♣≈P.*#..?.......,,,,,,,
**(.#,,..........,,,,,,**
**,****,,,,,,,,,,,,,,,,**


You could see an ogre and a crimson imp.

Vanquished Creatures
  An ogre (D:2)
  A scorpion (D:4)
  A hound (D:4)
  A gnoll (D:3)
  6 adders
  2 oozes
  4 worms
  5 dart slugs
  3 leopard geckos
  3 giant cockroaches
  12 goblins
  8 hobgoblins
  3 jackals (D:2)
  2 ball pythons (D:3)
  7 bats
  6 frilled lizards
  11 kobolds
  7 rats
83 creatures vanquished.

Notes
Turn   | Place    | Note
-------+----------+-------------------------------------------
     0 | D:1      | Fang the Gargoyle Berserker began the quest for the Orb.
     0 | D:1      | Reached XP level 1. HP: 14/14 MP: 1/1
   166 | D:1      | Reached XP level 2. HP: 19/19 MP: 2/2
   358 | D:1      | Reached ** piety under Trog
   537 | D:2      | Reached XP level 3. HP: 23/24 MP: 3/3
   847 | D:2      | Reached XP level 4. HP: 17/29 MP: 4/4
  1260 | D:2      | Found a glowing golden altar of the Shining One.
  1262 | D:2      | Found an iron altar of Okawaru.
  1669 | D:2      | Noticed an ogre
  1676 | D:2      | Killed an ogre
  1676 | D:2      | Reached skill level 1 in Stealth
  1676 | D:2      | Reached XP level 5. HP: 20/34 MP: 5/5
  2145 | D:3      | Reached XP level 6. HP: 18/39 MP: 6/6
  2541 | D:3      | Found a faded altar of an unknown god.
  2841 | D:4      | Slain by an ogre

Skill      XL: |  1  2  3  4 |
---------------+-------------+-----
Axes           | 3 4 |  4.9
Fighting       | 4 |  4.7
Dodging        | 2 |  2.5
Stealth        | 1 |  1.9
Armour         | |  2.4

Action                   |  1- 3 |  4- 6 || total
-------------------------+-------+-------++-------
Melee: Hand axe          |   117 |   186 ||   303
Invok: Berserk           |     2 |     3 ||     5
  Use: Scroll            |       |     1 ||     1
 Stab: Sleeping          |       |     3 ||     3
  Eat: Chunk             |       |     3 ||     3
       Ration            |       |     2 ||     2
Armor: Animal skin       |    30 |    38 ||    68
       Leather armour    |       |    44 ||    44
Dodge: Dodged            |    66 |   150 ||   216
